 Dungeon Crawl Stone Soup version 0.27.1-35-g4d5d836560 (webtiles) character file.

Game seed: 6605848722608561781

79 cbfl8 the Sneak (level 4, -1/41 HPs)
             Began as a Minotaur Delver on Mar 14, 2022.
             Slain by a bullfrog (4 damage)
             ... on level 5 of the Dungeon.
             The game lasted 00:00:56 (340 turns).

cbfl8 the Sneak (Minotaur Delver)                    Turns: 340, Time: 00:00:57

Health: -1/41      AC:  6    Str: 17    XL:     4   Next: 16%
Magic:  3/3        EV: 10    Int:  7    God:
Gold:   11         SH:  0    Dex: 12    Spells: 3/3 levels left

rFire    . . .     SeeInvis .   i - +0 long sword
rCold    . . .     Faith    .   (no shield)
rNeg     . . .     Spirit   .   d - +0 scale mail
rPois    .         Reflect  .   (helmet restricted)
rElec    .         Harm     .   (no cloak)
rCorr    .         Rampage  .   (no gloves)
Will     .....                  (no boots)
Stlth    +.........             (no amulet)
HPRegen  0.13/turn              (no ring)
MPRegen  0.08/turn              (no ring)

@: no status effects
A: horns 2, retaliatory headbutt
a: no special abilities


You were on level 5 of the Dungeon.
You visited 1 branch of the dungeon, and saw 1 of its levels.

You collected 11 gold pieces.

Inventory:

Hand Weapons
 a - a +0 hand axe
 i - a +0 long sword (weapon)
Armour
 b - a +0 leather armour
 d - a +0 scale mail (worn)
Wands
 g - a wand of digging (3)
Scrolls
 c - a scroll of fog
Potions
 f - 2 potions of haste
 h - a potion of mutation {unknown}


   Skills:
 + Level 4.5 Fighting
 + Level 0.2 Long Blades
 + Level 2.7 Axes
 + Level 0.4 Armour
 + Level 2.4 Dodging
 + Level 4.9 Stealth


You had 3 spell levels left.
You didn't know any spells.
Your spell library was empty.

Dungeon Overview and Level Annotations

Branches:
Dungeon (5/15)
 Temple: D:4-7

Altars:
Uskayaw

Annotations:
D:5 Selrock's ghost, amateur HOFi


Innate Abilities, Weirdness & Mutations

You have a pair of horns on your head.
You reflexively headbutt those who attack you in melee.


Message History

You have reached level 4!
You feel stronger.
You miss the adder.
The adder is severely wounded.
You feel very sick. The adder bites you but does no damage.
The adder barely misses you.
Unknown command.
You closely miss the adder.
You headbutt the adder, but do no damage.
The adder is severely wounded.
You feel very sick.
The adder bites you but does no damage. x2
Unknown command.
You hit the adder.
You kill the adder!
You feel sick.
The bullfrog hits you but does no damage.
The bullfrog barely misses you.
Unknown command.
You slash the bullfrog!
The bullfrog is heavily wounded.
You feel sick. The bullfrog hits you.
* * * LOW HITPOINT WARNING * * *
The bullfrog hits you.
* * * LOW HITPOINT WARNING * * *
Unknown command.
You hit the bullfrog but do no damage.
The bullfrog is heavily wounded.
You feel sick. The bullfrog hits you.
* * * LOW HITPOINT WARNING * * *
The bullfrog closely misses you.
As you read the scroll of fear, it crumbles to dust.
You assume a fearsome visage.
Selrock's ghost is unaffected.
The bullfrog looks frightened!
You feel sick.
You are no longer poisoned.
Cornered, the bullfrog turns to fight!
The bullfrog hits you.
* * * LOW HITPOINT WARNING * * *
The bullfrog hits you.
You die...

*,,,,,*####.....#
*,,,,,* #≈#.....#
*,,,,,* #[#.....#
********#≈#.....#
*,,#≈#.....#
#,##≈#.....#
***********#.##W#.....#
,,,,,,,,,,,#..#F#.....#
***,******,#....@.....#
*,*<,,**,#.##########
*,*,*,**,#,*
*,*,,,**,*,*
*,*,,,**,*,*
*,*,,,**,*,*
*,*,,,,*,*,*
*,*,****,*,*
*,*,,,**,*,*


You could see a bullfrog and Selrock's ghost.

Vanquished Creatures
  A bullfrog zombie (D:5)
  A centaur skeleton (D:5)
  2 adders (D:5)
  An orc (D:5)
5 creatures vanquished.

Vanquished Creatures (others)
  7 plants (D:5)
7 creatures vanquished.

Grand Total: 12 creatures vanquished

Notes
Turn   | Place    | Note
-------+----------+-------------------------------------------
     0 | D:5      | cbfl8 the Minotaur Delver began the quest for the Orb.
     0 | D:5      | Reached XP level 1. HP: 19/19 MP: 0/0
    63 | D:5      | Found a hide-covered altar of Uskayaw.
    81 | D:5      | Reached XP level 2. HP: 21/27 MP: 1/1
   158 | D:5      | Reached XP level 3. HP: 17/34 MP: 2/2
   319 | D:5      | Found a runed translucent door.
   323 | D:5      | Noticed a bullfrog
   323 | D:5      | Noticed Selrock's ghost (amateur HOFi)
   334 | D:5      | Reached XP level 4. HP: 23/41 MP: 3/3
   340 | D:5      | Slain by a bullfrog

Illustrated notes

Levels and vault maps discovered:
D:5:      layout_basic, eat_drink_and_be_merry_uskayaw, ebering_ghost_sewer_d,
          hangedman_decor_peaks_small, serial_bayou_lagoon_a, uniq_menkaure

Skill      XL: |  1 |
---------------+----+-----
Fighting       | 4 |  4.5
Long Blades    | |  0.2
Axes           | |  2.7
Armour         | |  0.4
Dodging        | |  2.4
Stealth        | |  4.9

Action                   |  1- 3 |  4- 6 || total
-------------------------+-------+-------++-------
Melee: Hand axe          |    17 |       ||    17
       Headbutt          |     9 |     1 ||    10
       Long sword        |    15 |     5 ||    20
  Use: Scroll            |     1 |     1 ||     2
Armor: Scale mail        |    20 |     4 ||    24
Dodge: Dodged            |    16 |     3 ||    19
       Rpst.: Long sword |     3 |       ||     3
